 Dungeon Crawl Stone Soup version 0.19.1-1-g22dce08 (webtiles) character file.

1491 M4edhros the Grappler (level 8, -1/79 HPs)
             Began as a Troll Berserker on Jan 4, 2017.
             Was a Priest of Trog.
             Slain by an orc warrior
             ... wielding a +0 flail
              (17 damage)
             ... on level 8 of the Dungeon.
             The game lasted 00:03:32 (850 turns).

M4edhros the Grappler (Troll Berserker)              Turns: 850, Time: 00:03:33

Health: -1/79      AC:  5    Str: 26    XL:     8   Next: 51%
Magic:  7/7        EV: 12    Int:  3    God:    Trog [***...]
Gold:   49         SH:  0    Dex: 11    Spells: 0 memorised, 7 levels left

rFire  . . .     SeeInvis .       - Unarmed
rCold  . . .     Gourm    +     a - +0 animal skin
rNeg   . . .     Faith    .     (no shield)
rPois  .         Spirit   .     (helmet restricted)
rElec  .         Reflect  .     (no cloak)
rCorr  .         Harm     .     (gloves unavailable)
MR     +....                    (boots unavailable)
Stlth  +.........               (no amulet)
                                (no ring)
                                l - ring of protection from magic

@: exhausted, slowed, very slow
A: unfitting armour, claws 3, fast metabolism 3, gourmand, regeneration 1,
shaggy fur 1, tough skin 2
a: Berserk, Trog's Hand, Burn Spellbooks, Renounce Religion


You were on level 8 of the Dungeon.
You worshipped Trog.
Trog was most pleased with you.
You were very full.

You visited 1 branch of the dungeon, and saw 8 of its levels.

You collected 49 gold pieces.

Inventory:

Armour
 a - a +0 animal skin (worn)
Jewellery
 l - a ring of protection from magic (left claw)
Scrolls
 d - a scroll of blinking {unknown}
 g - a scroll of immolation {unknown}
 h - 3 scrolls of identify {unknown}
 i - a scroll of remove curse {unknown}
 j - a scroll of teleportation {unknown}
 m - a scroll of holy word {unknown}
 o - a scroll of summoning {unknown}
 q - 2 scrolls of brand weapon {unknown}
Potions
 c - a potion of curing {unknown}
 e - a potion of might {unknown}
 k - a potion of lignification {unknown}
 n - a potion of brilliance {unknown}
Books
 p - a book of Clouds

   Spells                             Type                      Level
   a - Mephitic Cloud                 Conjuration/Poison/Air       3
   b - Conjure Flame                  Conjuration/Fire             3
   c - Poisonous Cloud                Conjuration/Poison/Air       6
   d - Freezing Cloud                 Conjuration/Ice/Air          6
   e - Ring of Flames                 Charms/Fire                  7
   Trog disapproves of the use of such an item.
Comestibles
 b - 2 bread rations
 f - 9 chunks of flesh


   Skills:
 + Level 4.9 Fighting
 + Level 5.0 Dodging
 * Level 8.3 Unarmed Combat


You had 7 spell levels left.
You didn't know any spells.

Dungeon Overview and Level Annotations

Branches:
Dungeon (8/15)             Temple (0/1) D:6            Lair (0/6) D:8

Altars:
Fedhas
Gozag
The Shining One


Innate Abilities, Weirdness & Mutations

You are too large for most types of armour.
You have claws for hands.
Your metabolism is lightning-fast.
You like to eat raw meat.
Your natural rate of healing is unusually fast.
You are covered in fur. (AC +1)
You have very tough skin. (AC +2)


Message History

You are exhausted.
You feel yourself slow down.
The orc throws a tomahawk.
The tomahawk hits you.
You swing at nothing.
You scratch the orc warrior.
The orc warrior is lightly wounded.
The orc warrior hits you but does no damage.
The orc priest mumbles some strange prayers to Beogh against you.
Beogh smites you! The orc warrior barely misses you.
You hear a shout!
You claw the orc warrior!
The orc warrior is heavily wounded.
The orc warrior hits you with a flail!
You claw the orc warrior!
The orc warrior is severely wounded.
The orc warrior hits you with a flail!
* * * LOW HITPOINT WARNING * * *
You closely miss the orc warrior.
The orc warrior is severely wounded.
The orc warrior hits you with a flail!
You die...

.## ...## .....# ..P...#
o......## >h......# ..oo...o# #o#
#@############ #(...........#
#######......# ## ###......#####
.### ###............# ...#
#...#..........# ...####
###.###..........# .......
####...###..........#
...##..######....###...#####.....


You could see an orc warrior and an orc.

Vanquished Creatures
  A hippogriff (D:8)
  2 wargs (D:8)
  An orc warrior (D:8)
  An ice beast (D:7)
  2 centaurs
  An ogre (D:8)
  A big kobold (D:8)
  A bullfrog (D:8)
  4 wights (D:7)
  A howler monkey (D:8)
  A crimson imp (D:7)
  A quasit (D:7)
  3 orc priests
  A hound (D:7)
  An iguana (D:6)
  An orc wizard (D:8)
  A worker ant (D:8)
  3 adders
  A shadow imp (D:7)
  A worm (D:3)
  A dart slug (D:3)
  9 orcs
  A bat (D:3)
  4 jackals (D:7)
  A goblin skeleton (D:7)
  2 goblin zombies (D:7)
  4 hobgoblin zombies (D:7)
  3 kobolds
  A kobold zombie (D:7)
  A leopard gecko zombie (D:5)
  An orc skeleton (D:7)
  An orc zombie (D:7)
  A quokka zombie (D:7)
  2 rats (D:3)
61 creatures vanquished.

Notes
Turn   | Place    | Note
-------+----------+-------------------------------------------
     0 | D:1      | M4edhros the Troll Berserker began the quest for the Orb.
     0 | D:1      | Reached XP level 1. HP: 22/22 MP: 0/0
    87 | D:3      | Reached XP level 2. HP: 23/29 MP: 1/1
   132 | D:5      | Entered Level 5 of the Dungeon
   147 | D:5      | Reached XP level 3. HP: 24/36 MP: 2/2
   163 | D:5      | Found a blossoming altar of Fedhas.
   163 | D:5      | Found an opulent altar of Gozag.
   185 | D:5      | Reached skill level 4 in Unarmed Combat
   206 | D:5      | Noticed a centaur
   216 | D:5      | Killed a centaur
   216 | D:5      | Reached XP level 4. HP: 25/45 MP: 3/3
   216 | D:5      | Reached XP level 5. HP: 30/53 MP: 4/4
   279 | D:6      | Found a staircase to the Ecumenical Temple.
   331 | D:7      | Noticed an ice beast
   334 | D:7      | Reached skill level 5 in Unarmed Combat
   341 | D:7      | Killed an ice beast
   341 | D:7      | Reached XP level 6. HP: 61/61 MP: 5/5
   356 | D:7      | Reached ** piety under Trog
   430 | D:7      | Reached skill level 6 in Unarmed Combat
   454 | D:7      | Found a glowing golden altar of the Shining One.
   466 | D:7      | Reached XP level 7. HP: 68/68 MP: 6/6
   507 | D:8      | Noticed a hippogriff
   516 | D:8      | Killed a hippogriff
   671 | D:8      | Reached skill level 7 in Unarmed Combat
   715 | D:8      | Reached XP level 8. HP: 79/79 MP: 7/7
   741 | D:8      | Reached *** piety under Trog
   827 | D:8      | Found a staircase to the Lair.
   835 | D:8      | Reached skill level 8 in Unarmed Combat
   840 | D:8      | Reached skill level 5 in Dodging
   850 | D:8      | Slain by an orc warrior

Skill      XL: |  1  2  3  4  5  6  7  8 |
---------------+-------------------------+-----
Unarmed Combat | 4 5 6 7 8 |  8.3
Fighting       | 3 4 |  4.9
Dodging        | 3 4 5 |  5.0

Action                   |  1- 3 |  4- 6 |  7- 9 || total
-------------------------+-------+-------+-------++-------
Melee: Unarmed           |    33 |    76 |   101 ||   210
       Punch             |       |     1 |     6 ||     7
Invok: Berserk           |     1 |     1 |     3 ||     5
 Stab: Sleeping          |       |     1 |       ||     1
       Distracted        |       |       |     1 ||     1
  Eat: Chunk             |       |     9 |     8 ||    17
Armor: Animal skin       |     8 |    50 |    18 ||    76
Dodge: Dodged            |    24 |    69 |    48 ||   141
